 Dungeon Crawl Stone Soup version 0.30-a0-630-g881e3bac89 (webtiles) character file.

Game seed: 9580182596073261043

28 M4edhros the Ruffian (level 2, -2/29 HPs)
             Began as a Troll Monk on Jan 13, 2023.
             Was a Believer of Wu Jian.
             Slain by an ogre
             ... wielding a +0 giant club
              (20 damage)
             ... on level 3 of the Dungeon.
             The game lasted 00:00:53 (482 turns).

M4edhros the Ruffian (Troll Monk)                    Turns: 482, Time: 00:00:53

Health: -2/29      AC:  4    Str: 18    XL:     2   Next: 96%
Magic:  1/1        EV: 10    Int:  6    God:    Wu Jian [**....]
Gold:   41         SH:  0    Dex: 12    Spells: 1/1 levels left

rFire   . . .      SeeInvis .      - Unarmed
rCold   . . .      Faith    .    (no shield)
rNeg    . . .      Spirit   .    a - +0 robe
rPois   .          Reflect  .    (helmet restricted)
rElec   .          Harm     .    (no cloak)
rCorr   .          Rampage  .    (gloves unavailable)
Will    .....                    (boots unavailable)
Stlth   ++                       (no amulet)
HPRegen 1.04/turn                (no ring)
MPRegen 0.07/turn                (no ring)

@: no status effects
A: large, unfitting armour, claws 3, regeneration 1, shaggy fur 1, tough skin 1
a: Renounce Religion, Wall Jump


You were on level 3 of the Dungeon.
You worshipped Wu Jian.
Wu Jian was pleased with you.
You visited 1 branch of the dungeon, and saw 3 of its levels.

You collected 41 gold pieces.

Inventory:

Armour
 a - a +0 robe (worn)
Scrolls
 d - a scroll of amnesia {unknown}
 g - a scroll of vulnerability {unknown}
Potions
 b - a potion of ambrosia
 c - a potion of heal wounds {unknown}
 e - a potion of cancellation {unknown}
 f - 2 potions of mutation {unknown}
 h - a potion of curing {unknown}


   Skills:
 + Level 2.6 Fighting
 + Level 2.6 Dodging
 + Level 1.2 Stealth
 * Level 3.5 Unarmed Combat


You had one spell level left.
You didn't know any spells.
Your spell library was empty.

Dungeon Overview and Level Annotations

Branches:
Dungeon (3/15)

Altars:
Wu Jian


Innate Abilities, Weirdness & Mutations

You are too large for most types of armour.
You have claws for hands.
Your natural rate of healing is unusually fast.
You are covered in fur. (AC +1)
You have tough skin. (AC +1)


Message History

A rat comes into view.
There are no items here.
You see here a fizzy emerald potion.
h - a fizzy emerald potion An orc comes into view.
It is wielding a +0 dagger.
A ball python comes into view.
Found a stone staircase leading down.
The hobgoblin hits you.
You spin and attack the hobgoblin.
You closely miss the hobgoblin.
You spin and attack the giant cockroach.
You claw the giant cockroach!
You kill the giant cockroach!
The Council accepts your kill. The hobgoblin misses you.
You spin and attack the hobgoblin.
You scratch the hobgoblin.
You kill the hobgoblin!
The Council accepts your kill.
You spin and attack the ogre.
You closely miss the ogre. The ogre barely misses you.
You claw the ogre!
The ogre is moderately wounded.
You closely miss the ogre.
The ogre is moderately wounded.
The ogre barely misses you.
You claw the ogre!
The ogre is severely wounded.
You scratch the ogre.
The ogre is severely wounded.
The ogre closely misses you.
You scratch the ogre.
The ogre is almost dead.
The ogre hits you with a +0 giant club!
You barely miss the ogre.
The ogre is almost dead.
An endoplasm comes into view.
You barely miss the ogre.
The ogre is almost dead.
The ogre hits you with a +0 giant club!!
Ouch! That really hurt!
You die...

.. ##........#
... #..........
..>.#..........#
..#..........###
.........[....#
#.?........... .
#............ ..
##..†........#
#.#..@O......#
##............#
#..............#
####...........##
#.....<......S.
#.#..).......o.
#.#.........#..
#.#.######J#...
#. ....


You could see an ogre and an endoplasm (wandering).

Vanquished Creatures
  An adder (D:2)
  An endoplasm (D:1)
  A giant cockroach (D:3)
  A goblin (D:1)
  3 hobgoblins
  3 quokkas
  A ball python (D:2)
  A bat (D:1)
  2 frilled lizards (D:2)
  3 kobolds (D:1)
  A rat (D:3)
18 creatures vanquished.

Notes
Turn   | Place    | Note
-------+----------+-------------------------------------------
     0 | D:1      | M4edhros the Troll Monk began the quest for the Orb.
     0 | D:1      | Reached XP level 1. HP: 22/22 MP: 0/0
   164 | D:1      | Reached XP level 2. HP: 26/29 MP: 1/1
   360 | D:2      | Found an ornate altar of the Wu Jian Council.
   383 | D:2      | Became a worshipper of the Wu Jian Council
   383 | D:2      | Reached * piety under Wu Jian
   383 | D:2      | Reached ** piety under Wu Jian
   466 | D:3      | Noticed an ogre
   482 | D:3      | Slain by an ogre

Illustrated notes

Levels and vault maps discovered:
D:1:      dpeg_arrival_tiny_i, layout_basic, serial_shops, shop,
          minmay_tetromino_s4
D:2:      layout_basic, basic_altar, minivault_11, minmay_tiny_reverse_x,
          uniq_sigmund, uniq_crazy_yiuf_cottage
D:3:      layout_rooms, uniq_jessica

Action                   || total
-------------------------++-------
Melee: Unarmed           ||    38
       Punch             ||     1
Invok: Whirlwind         ||    11
Armor: Robe              ||     6
Dodge: Dodged            ||    13

Table legend: (Time is in decaauts)
 A = Elapsed time spent in this place.
 B = Non-inter-level travel time spent in this place.
 C = Inter-level travel time spent in this place.
 D = Time resting spent in this place.
 E = Time spent auto-exploring this place.
 F = Levels seen in this place.
 G = Mean time per level.
                   A        B        C        D        E       F      G
               +--------+--------+--------+--------+--------+-----+--------+
         Total |    479 |    415 |     64 |      0 |    286 |   3 |  159.7 |
       Dungeon |    479 |    415 |     64 |      0 |    286 |   3 |  159.7 |
               +--------+--------+--------+--------+--------+-----+--------+

Top non-repeatable levels by time:
     D:1: 355 daAuts
     D:2: 109 daAuts
     D:3: 15 daAuts
